 Dungeon Crawl Stone Soup version 0.17.1-2-g5865329 (webtiles) character file.

49 ololoev the Chopper (level 3, -4/29 HPs)
             Began as a Demonspawn Berserker on Jan 22, 2016.
             Was a Believer of Trog.
             Killed from afar by Ijyb (11 damage)
             ... with a wand of lightning
             ... on level 3 of the Dungeon.
             The game lasted 00:04:44 (558 turns).

ololoev the Chopper (Demonspawn Berserker)           Turns: 558, Time: 00:04:45

Health: -4/29      AC:  7    Str: 18    XL:     3   Next: 51%
Magic:  0/3        EV: 11    Int:  8    God:    Trog [**....]
Gold:   78         SH:  0    Dex: 12    Spells: 0 memorised, 2 levels left

rFire  . . .     SeeInvis .     a - +0 hand axe
rCold  . . .     Clarity  .     o - +0 ring mail
rNeg   . . .     SustAt   .     (no shield)
rPois  .         Gourm    .     e - +0 helmet
rElec  .         Spirit   +     g - +0 cloak
rCorr  .         Warding  .     (no gloves)
rMut   .         Stasis   .     (no boots)
MR     .....                    (no amulet)
Stlth  +.........               (no ring)
                                (no ring)

@: not resistant to hostile enchantments, very unstealthy
A: powered by death 1, magic shield
a: Berserk, Trog's Hand, Burn Spellbooks, Renounce Religion


Innate Abilities, Weirdness & Mutations

You regenerate a little health from kills.
When hurt, damage is shared between your health and your magic reserves.

Inventory:

Hand Weapons
 a - a +0 hand axe (weapon)
Armour
 e - a +0 helmet (worn)
 g - a +0 cloak (worn)
 o - a +0 ring mail (worn)
Scrolls
 h - a scroll of identify {unknown}
 i - a scroll of immolation {unknown}
 j - a scroll of enchant weapon {unknown}
 l - a scroll of random uselessness {unknown}
 m - 3 scrolls of magic mapping {unknown}
 n - 3 scrolls of noise {unknown}
 p - a scroll of blinking {unknown}
Potions
 b - a potion of invisibility {unknown}
 k - a potion of haste {unknown}
Comestibles
 c - 3 bread rations
 d - 5 chunks of flesh
 f - a meat ration


   Skills:
 - Level 3.0 Fighting
 * Level 3.6 Axes
 + Level 2.6 Armour
 - Level 1.7 Dodging


You had 2 spell levels left.
You didn't know any spells.


You were on level 3 of the Dungeon.
You worshipped Trog.
Trog was pleased with you.
You were not hungry.

You visited 1 branch of the dungeon, and saw 3 of its levels.

You collected 78 gold pieces.

(.
#.............
.#
##.......##.##
####.#####g#
###.#####.#
#.........#
###.#####.#
#######.# #.#
........#####.#
#######.....@.#
#.#####.# ###
###

Notes
Turn   | Place    | Note
--------------------------------------------------------------
     0 | D:1      | ololoev the Demonspawn Berserker began the quest for the Orb.
     0 | D:1      | Reached XP level 1. HP: 18/18 MP: 1/1
    53 | D:2      | HP: 1/27 [ooze (3)]
    54 | D:2      | Gained mutation: When hurt, damage is shared between your health and your magic reserves. [demonic ancestry]
    54 | D:2      | Reached XP level 2. HP: 1/24 MP: 2/2
    75 | D:1      | HP: 1/24 [ball python (1)]
    91 | D:1      | Gained mutation: You regenerate a little health from kills. [demonic ancestry]
    91 | D:1      | Reached XP level 3. HP: 2/29 MP: 1/3
   271 | D:2      | Reached ** piety under Trog
   426 | D:2      | Found an iron altar of Okawaru.
   556 | D:3      | Noticed Ijyb
   558 | D:3      | Killed from afar by Ijyb

Dungeon Overview and Level Annotations

Branches:
Dungeon (3/15)

Altars:
Okawaru

Annotations:
D:3 Ijyb


Message History

Wear which item? (? for menu, Esc to quit)
You start removing your armour.
You continue taking off your +0 animal skin. x4
You finish taking off your +0 animal skin.
You start putting on your armour.
You continue putting on your ring mail.
You continue putting on your ring mail. x4
You finish putting on your +0 ring mail.
Drop what? 15/52 slots (_ for help) (? for menu, Esc to quit)
You drop a +0 animal skin.
Things that are here:
10 stones; an uncursed dagger; an uncursed hunting sling You see here a club.
There is a stone staircase leading down here.
You climb downwards.
There is a stone staircase leading up here.
You climb upwards.
There is a stone staircase leading down here.
The kobold shouts!
You see here a murky purple potion.
b - a murky purple potion The kobold hits you but does no damage.
You hit the kobold but do no damage. The kobold hits you but does no damage.
You slash the kobold!
You kill the kobold!
Trog accepts your kill.
There is a stone staircase leading down here.
You climb downwards.
There is a stone staircase leading up here.
You feel less regenerative.
Found 23 bolts.
Found a scroll labeled MEKHOM YDYRR.
p - a scroll labeled MEKHOM YDYRR Ijyb the Twisted Goblin comes into view.
Ijyb shouts!
Ijyb zaps a wand.
The bolt of lightning hits you! The bolt of lightning misses you.
It is a wand of lightning.
Ijyb zaps a wand.
The bolt of lightning hits you!
Ijyb screams, "It's all mine!"
Ijyb zaps a wand.
The bolt of lightning hits you!
You die...

You could see Ijyb.

Vanquished Creatures
  An adder (D:2)
  An ooze (D:2)
  3 worms (D:2)
  2 ball pythons
  5 goblins
  6 hobgoblins
  2 bats
  A giant cockroach (D:2)
  A giant newt (D:2)
  2 kobolds (D:2)
  3 rats
27 creatures vanquished.

Action                   || total
-------------------------++-------
Melee: Hand axe          ||    73
Invok: Berserk           ||     4
       Trog's Hand       ||     1
 Stab: Sleeping          ||     1
  Eat: Chunk             ||     3

Vault maps used:
D:1:      saegor_arrival_simple_e, minmay_crystal_water
D:2:      lemuel_crystal_altar
D:3:      nrook_loot_triangle, kennysheep_generic_room_15, uniq_grinder,
          uniq_iyjb
